TOP OF THE 1ST |
Oceanside Aviators batting - Pitching for Bangor Trident Base Ogres : RHP Jim Unknown
|
Pitching: RHP Jim Unknown
|
|
Batting: RHB Dan Mendoza
|
0-0: Ball 1-0: Called Strike 1-1: Ball 2-1: Ground out 4-3 (Groundball, 4)
|
Batting: RHB Tim Little
|
0-0: Foul Ball, location: 2F 0-1: Called Strike 0-2: Strikes out looking
|
Batting: RHB Karl Schultz
|
0-0: Ball 1-0: Swinging Strike 1-1: Ball 2-1: Swinging Strike 2-2: Strikes out swinging
|
Top of the 1st over - 0 run(s), 0 hit(s), 0 error(s), 0 left on base; Oceanside 0 - Bangor Trident Base 0 |
BOTTOM OF THE 1ST |
Bangor Trident Base Ogres batting - Pitching for Oceanside Aviators : LHP José Flores
|
Pitching: LHP José Flores
|
|
Batting: RHB Jim Unknown
|
0-0: Ball 1-0: Fly out, F8 (Line Drive, 8LD)
|
Batting: RHB Jim Unknown
|
0-0: Ground out 1-3 (Groundball, 15)
|
Batting: LHB Jim Unknown
|
0-0: Fly out, F8 (Flyball, 8RM)
|
Bottom of the 1st over - 0 run(s), 0 hit(s), 0 error(s), 0 left on base; Oceanside 0 - Bangor Trident Base 0 |
TOP OF THE 2ND |
Oceanside Aviators batting - Pitching for Bangor Trident Base Ogres : RHP Jim Unknown
|
Batting: RHB Gerald Ambler
|
0-0: Ball 1-0: Ball 2-0: Ball 3-0: Base on Balls
|
Batting: RHB Alex Ross
|
0-0: Ball 1-0: Ball 2-0: Fly out, F4 (Popup, 4M)
|
Batting: RHB Jim Unknown
|
0-0: Ground out 6-3 (Groundball, 6MS) Gerald Ambler to second
|
Batting: SHB Ludovico Bluemel
|
0-0: Called Strike 0-1: Swinging Strike 0-2: SINGLE (Groundball, 4) Gerald Ambler to third Runner from 3rd tries for Home, SAFE, no throw or cutoff
|
Batting: RHB Craig Edmunds
|
0-0: Hit by Pitch Ludovico Bluemel to second
|
Batting: RHB Jackson Shewman
|
0-0: Fly out, F9 (Flyball, 9M)
|
Top of the 2nd over - 1 run(s), 1 hit(s), 0 error(s), 2 left on base; Oceanside 1 - Bangor Trident Base 0 |
BOTTOM OF THE 2ND |
Bangor Trident Base Ogres batting - Pitching for Oceanside Aviators : LHP José Flores
|
Batting: RHB Jim Unknown
|
0-0: Hit by Pitch
|
Batting: SHB Jim Unknown
|
0-0: Ball 1-0: Foul Ball, location: 2F 1-1: Ball 2-1: Reached on error, E5 (Groundball, 5S) Jim Unknown to second
|
Batting: RHB Jim Unknown
|
0-0: Called Strike 0-1: Ball 1-1: Foul Ball, location: 2F 1-2: Ball 2-2: Fly out, F3 (Popup, 3F)
|
Batting: LHB Jim Unknown
|
0-0: Foul Ball, location: 2F 0-1: Fly out, F1 (Line Drive, 13) 0-1: Fly out, F1 (Line Drive, 13)
|
Batting: RHB Jim Unknown
|
0-0: Ball 1-0: Swinging Strike 1-1: Foul Ball, location: 2F 1-2: Ball 2-2: Ball 3-2: DOUBLE (Line Drive, 8LD) Jim Unknown scores Jim Unknown to third Jim Unknown scores
|
Batting: LHB Jim Unknown
|
0-0: Ball 1-0: Called Strike 1-1: Called Strike 1-2: Ball 2-2: Fly out, F9 (Flyball, 9S)
|
Bottom of the 2nd over - 2 run(s), 1 hit(s), 1 error(s), 1 left on base; Oceanside 1 - Bangor Trident Base 2 |
TOP OF THE 3RD |
Oceanside Aviators batting - Pitching for Bangor Trident Base Ogres : RHP Jim Unknown
|
Batting: RHB Dan Mendoza
|
0-0: Called Strike 0-1: Foul Ball, location: 2F 0-2: Foul Ball, location: 2F 0-2: Ball 1-2: Ground out 6-3 (Groundball, 6M)
|
Batting: RHB Tim Little
|
0-0: Ball 1-0: Swinging Strike 1-1: Foul Ball, location: 2F 1-2: Ball 2-2: SINGLE (Line Drive, 89S)
|
Batting: RHB Karl Schultz
|
0-0: Ball 1-0: Called Strike 1-1: Called Strike 1-2: Strikes out swinging
|
Batting: RHB Gerald Ambler
|
0-0: Ball 1-0: Ball 2-0: Called Strike 2-1: Called Strike 2-2: Ball 3-2: Fly out, F8 (Flyball, 8RXD)
|
Top of the 3rd over - 0 run(s), 1 hit(s), 0 error(s), 1 left on base; Oceanside 1 - Bangor Trident Base 2 |
BOTTOM OF THE 3RD |
Bangor Trident Base Ogres batting - Pitching for Oceanside Aviators : LHP José Flores
|
Batting: RHB Jim Unknown
|
0-0: Ball 1-0: Called Strike 1-1: Foul Ball, location: 2F 1-2: Foul Ball, location: 2F 1-2: Ball 2-2: Foul Ball, location: 2F 2-2: Ball 3-2: Base on Balls
|
Batting: RHB Jim Unknown
|
0-0: Called Strike 0-1: Ball 1-1: Swinging Strike 1-2: Ball 2-2: Foul Ball, location: 2F 2-2: Strikes out looking
|
Batting: LHB Jim Unknown
|
0-0: Ball 1-0: Foul Ball, location: 2F 1-1: Ball 2-1: Swinging Strike 2-2: Foul Ball, location: 2F 2-2: Ground out U3 (Groundball, 3S) Jim Unknown to second
|
Batting: RHB Jim Unknown
|
0-0: Ball 1-0: Swinging Strike 1-1: Fly out, F9 (Flyball, 89XD)
|
Bottom of the 3rd over - 0 run(s), 0 hit(s), 0 error(s), 1 left on base; Oceanside 1 - Bangor Trident Base 2 |
TOP OF THE 4TH |
Oceanside Aviators batting - Pitching for Bangor Trident Base Ogres : RHP Jim Unknown
|
Batting: RHB Alex Ross
|
0-0: Called Strike 0-1: Ball 1-1: Ball 2-1: Called Strike 2-2: Ball 3-2: Strikes out swinging
|
Batting: RHB Jim Unknown
|
0-0: Called Strike 0-1: Ball 1-1: SINGLE (Flyball, 6MD)
|
Batting: SHB Ludovico Bluemel
|
0-0: Ball 1-0: Ball 2-0: Ball 3-0: Base on Balls Jim Unknown to second
|
Batting: RHB Craig Edmunds
|
0-0: Foul Ball, location: 2F 0-1: Fly out, F5 (Line Drive, 5S)
|
Batting: RHB Jackson Shewman
|
0-0: Ball 1-0: Foul Ball, location: 2F 1-1: SINGLE (Groundball, 56D) Jim Unknown to third Ludovico Bluemel to second Runner from 3rd tries for Home, SAFE, no throw or cutoff
|
Batting: RHB Dan Mendoza
|
0-0: Foul Ball, location: 2F 0-1: SINGLE (Line Drive, 78M) Ludovico Bluemel to third Jackson Shewman to second Runner from 3rd tries for Home, SAFE, no throw or cutoff
|
Batting: RHB Tim Little
|
0-0: Ball 1-0: Called Strike 1-1: Ball 2-1: Ball 3-1: Foul Ball, location: 2F 3-2: Fly out, F7 (Line Drive, 78S)
|
Top of the 4th over - 2 run(s), 3 hit(s), 0 error(s), 2 left on base; Oceanside 3 - Bangor Trident Base 2 |
BOTTOM OF THE 4TH |
Bangor Trident Base Ogres batting - Pitching for Oceanside Aviators : LHP José Flores
|
Batting: SHB Jim Unknown
|
0-0: Ball 1-0: Called Strike 1-1: Ball 2-1: Swinging Strike 2-2: Ball 3-2: DOUBLE (Flyball, 8RXD)
|
Batting: RHB Jim Unknown
|
0-0: Called Strike 0-1: Ground out 6-3 (Groundball, 6)
|
Batting: LHB Jim Unknown
|
0-0: Called Strike 0-1: Ball 1-1: SINGLE (Line Drive, 4MD) Jim Unknown to third
|
Batting: RHB Jim Unknown
|
Single, Error in OF, E7, batter to second base Jim Unknown scores Jim Unknown to third
|
Batting: LHB Jim Unknown
|
0-0: Ball 1-0: Ball 2-0: SINGLE (Line Drive, 6) Jim Unknown scores Jim Unknown to third
|
Batting: RHB Jim Unknown
|
0-0: Called Strike 0-1: Called Strike 0-2: Ball 1-2: Ball 2-2: Foul Ball, location: 2F 2-2: Ball 3-2: Strikes out swinging
|
Batting: RHB Jim Unknown
|
0-0: Called Strike 0-1: Ball 1-1: Swinging Strike 1-2: Fielders Choice at 2nd, 6-4 (Groundball, 6)
|
Bottom of the 4th over - 2 run(s), 4 hit(s), 1 error(s), 1 left on base; Oceanside 3 - Bangor Trident Base 4 |
TOP OF THE 5TH |
Oceanside Aviators batting - Pitching for Bangor Trident Base Ogres : RHP Jim Unknown
|
Batting: RHB Karl Schultz
|
0-0: Called Strike 0-1: Foul Ball, location: 2F 0-2: Foul Ball, location: 2F 0-2: Ball 1-2: Ground out 5-3 (Groundball, 5S)
|
Batting: RHB Gerald Ambler
|
0-0: Foul Ball, location: 2F 0-1: Swinging Strike 0-2: Foul Ball, location: 2F 0-2: Ball 1-2: Foul Ball, location: 2F 1-2: Foul Ball, location: 2F 1-2: Ball 2-2: Ball 3-2: Fly out, F7 (Line Drive, 78M)
|
Batting: RHB Alex Ross
|
0-0: Called Strike 0-1: Ball 1-1: Foul Ball, location: 2F 1-2: Ball 2-2: DOUBLE (Flyball, 9M)
|
Batting: RHB Jim Unknown
|
0-0: Foul Ball, location: 2F 0-1: Foul Ball, location: 2F 0-2: Strikes out swinging
|
Top of the 5th over - 0 run(s), 1 hit(s), 0 error(s), 1 left on base; Oceanside 3 - Bangor Trident Base 4 |
BOTTOM OF THE 5TH |
Bangor Trident Base Ogres batting - Pitching for Oceanside Aviators : LHP José Flores
|
Batting: LHB Jim Unknown
|
0-0: Called Strike 0-1: SINGLE (Flyball, 89S)
|
Batting: RHB Jim Unknown
|
0-0: Called Strike 0-1: Called Strike 0-2: Ball 1-2: Foul Ball, location: 2F 1-2: Strikes out swinging
|
Batting: SHB Jim Unknown
|
0-0: Called Strike 0-1: Ball 1-1: Ball 2-1: SINGLE (Line Drive, 34) Jim Unknown to second
|
Batting: RHB Jim Unknown
|
0-0: SINGLE (Groundball, 56D) Jim Unknown to third Jim Unknown to second Runner from 3rd tries for Home, SAFE, no throw or cutoff
|
Batting: LHB Jim Unknown
|
0-0: Ball 1-0: Foul Ball, location: 2F 1-1: Ball 2-1: SINGLE (Line Drive, 6D) Jim Unknown to third Jim Unknown to second
|
Batting: RHB Jim Unknown
|
0-0: Ball 1-0: Ball 2-0: Ball 3-0: Called Strike 3-1: Base on Balls Jim Unknown scores Jim Unknown to third Jim Unknown to second
|
Batting: LHB Jim Unknown
|
0-0: Ball 1-0: Called Strike 1-1: SINGLE (Flyball, 6MD) Jim Unknown scores Jim Unknown to third Jim Unknown to second
|
Batting: RHB Jim Unknown
|
0-0: Ball 1-0: SINGLE (Groundball, 56) Jim Unknown scores Jim Unknown to third Jim Unknown to second
|
Pitching: RHP René Martínez
|
|
Batting: RHB Jim Unknown
|
0-0: Ball 1-0: SINGLE (Line Drive, 89M) Jim Unknown scores Jim Unknown to third Jim Unknown to second
|
Batting: LHB Jim Unknown
|
0-0: Ball 1-0: Swinging Strike 1-1: Ball 2-1: Swinging Strike 2-2: Foul Ball, location: 2F 2-2: Foul Ball, location: 2F 2-2: Ball 3-2: Base on Balls Jim Unknown scores Jim Unknown to third Jim Unknown to second
|
Batting: RHB Jim Unknown
|
0-0: Foul Ball, location: 2F 0-1: SINGLE (Line Drive, 7LS) Jim Unknown scores Jim Unknown to third Jim Unknown to second Runner from 3rd tries for Home, SAFE, throw made home
|
Batting: SHB Jim Unknown
|
0-0: Ball 1-0: Called Strike 1-1: Grounds into double play, 3-6-3 (Groundball, 3)
|
Bottom of the 5th over - 8 run(s), 8 hit(s), 0 error(s), 1 left on base; Oceanside 3 - Bangor Trident Base 12 |
TOP OF THE 6TH |
Oceanside Aviators batting - Pitching for Bangor Trident Base Ogres : RHP Jim Unknown
|
Batting: SHB Ludovico Bluemel
|
0-0: Swinging Strike 0-1: Ball 1-1: Ground out 1-3 (Groundball, 23)
|
Batting: RHB Craig Edmunds
|
0-0: Swinging Strike 0-1: Called Strike 0-2: Foul Ball, location: 2F 0-2: Foul Ball, location: 2F 0-2: Ball 1-2: Strikes out looking
|
Batting: RHB Jackson Shewman
|
0-0: Ball 1-0: Foul Ball, location: 2F 1-1: Ball 2-1: Ball 3-1: SINGLE (Line Drive, 56)
|
Pitching: RHP Jim Unknown
|
|
Batting: RHB Dan Mendoza
|
0-0: Ball 1-0: Called Strike 1-1: Ball 2-1: SINGLE (Groundball, 56) (infield hit) Jackson Shewman to second
|
Batting: RHB Tim Little
|
0-0: Fly out, F5 (Line Drive, 5L)
|
Top of the 6th over - 0 run(s), 2 hit(s), 0 error(s), 2 left on base; Oceanside 3 - Bangor Trident Base 12 |
BOTTOM OF THE 6TH |
Bangor Trident Base Ogres batting - Pitching for Oceanside Aviators : RHP René Martínez
|
Batting: RHB Jim Unknown
|
0-0: Ball 1-0: Ball 2-0: Ball 3-0: Base on Balls
|
Batting: LHB Jim Unknown
|
0-0: Sac Bunt - play at first, batter OUT! 1-3 Jim Unknown to second
|
Batting: RHB Jim Unknown
|
0-0: Ball Jim Unknown steals 3rd base 1-0: Ball 2-0: Ball 3-0: Called Strike 3-1: Base on Balls
|
Batting: LHB Jim Unknown
|
0-0: Called Strike 0-1: Ball 1-1: Foul Ball, location: 2F 1-2: Foul Ball, location: 2F 1-2: Ball 2-2: Fly out, F7 (Flyball, 7M) Runner from 3rd tags up, SCORES, no throw
|
Batting: RHB Jim Unknown
|
0-0: Fly out, F9 (Flyball, 9M)
|
Bottom of the 6th over - 1 run(s), 0 hit(s), 0 error(s), 1 left on base; Oceanside 3 - Bangor Trident Base 13 |
TOP OF THE 7TH |
Oceanside Aviators batting - Pitching for Bangor Trident Base Ogres : RHP Jim Unknown
|
Batting: RHB Karl Schultz
|
0-0: Swinging Strike 0-1: Ball 1-1: Called Strike 1-2: SINGLE (Flyball, 8LS)
|
Batting: RHB Gerald Ambler
|
0-0: Ground out 6-3 (Groundball, 6MS) Karl Schultz to second
|
Batting: RHB Alex Ross
|
0-0: Ball 1-0: Called Strike 1-1: Fly out, F9 (Flyball, 9M)
|
Batting: RHB Jim Unknown
|
0-0: Ball 1-0: Ball Wild Pitch! Karl Schultz to third 2-0: Fly out, F9 (Line Drive, 9M)
|
Top of the 7th over - 0 run(s), 1 hit(s), 0 error(s), 1 left on base; Oceanside 3 - Bangor Trident Base 13 |
BOTTOM OF THE 7TH |
Bangor Trident Base Ogres batting - Pitching for Oceanside Aviators : RHP René Martínez
|
Batting: RHB Jim Unknown
|
0-0: Ball 1-0: Ball 2-0: Ball 3-0: Called Strike 3-1: Base on Balls
|
Batting: LHB Jim Unknown
|
0-0: Ball 1-0: Called Strike 1-1: Ball 2-1: Fielders Choice at 2nd, 4-6 (Groundball, 34)
|
Pinch Hitting: RHB Jim Unknown
|
0-0: Ball Jim Unknown steals 2nd base 1-0: Called Strike 1-1: Ground out 3-4 (Groundball, 3S) Jim Unknown to third
|
Batting: SHB Jim Unknown
|
0-0: Called Strike 0-1: Ball 1-1: Swinging Strike 1-2: Foul Ball, location: 2F 1-2: DOUBLE (Line Drive, 9LS) Jim Unknown scores
|
Batting: RHB Jim Unknown
|
0-0: Ball 1-0: Ground out 6-3 (Groundball, 6)
|
Bottom of the 7th over - 1 run(s), 1 hit(s), 0 error(s), 1 left on base; Oceanside 3 - Bangor Trident Base 14 |
TOP OF THE 8TH |
Oceanside Aviators batting - Pitching for Bangor Trident Base Ogres : RHP Jim Unknown
|
Now at 3B: Jim Unknown
|
|
Batting: SHB Ludovico Bluemel
|
0-0: Foul Ball, location: 2F 0-1: Ball 1-1: Foul Ball, location: 2F 1-2: Ball 2-2: Strikes out swinging
|
Batting: RHB Craig Edmunds
|
0-0: Ball 1-0: Swinging Strike 1-1: Swinging Strike 1-2: Ball 2-2: Strikes out swinging
|
Pinch Hitting: RHB Jim Unknown
|
0-0: Foul Ball, location: 2F 0-1: Ball 1-1: Swinging Strike 1-2: Hit by Pitch
|
Batting: RHB Dan Mendoza
|
0-0: Ball 1-0: Foul Ball, location: 2F 1-1: Foul Ball, location: 2F 1-2: Ball 2-2: SINGLE (Line Drive, 4MD) Jim Unknown to second
|
Batting: RHB Tim Little
|
0-0: Called Strike 0-1: Foul Ball, location: 2F 0-2: Fly out, F7 (Flyball, 7M)
|
Top of the 8th over - 0 run(s), 1 hit(s), 0 error(s), 2 left on base; Oceanside 3 - Bangor Trident Base 14 |
BOTTOM OF THE 8TH |
Bangor Trident Base Ogres batting - Pitching for Oceanside Aviators : RHP René Martínez
|
Now in RF: Jim Unknown
|
|
Batting: LHB Jim Unknown
|
0-0: Ball 1-0: Ball 2-0: Ball 3-0: Called Strike 3-1: Foul Ball, location: 2F 3-2: Foul Ball, location: 2F 3-2: Base on Balls
|
Pitching: LHP Miguel López
|
|
Batting: RHB Jim Unknown
|
0-0: Called Strike 0-1: Ball 1-1: Sac Bunt - play at first, batter OUT! 1-4 Jim Unknown to second
|
Batting: LHB Jim Unknown
|
0-0: Ball Jim Unknown steals 3rd base 1-0: SINGLE (Line Drive, 34D) Jim Unknown scores
|
Batting: RHB Jim Unknown
|
0-0: Ball 1-0: Ball 2-0: Called Strike 2-1: Grounds into double play, 6-4-3 (Groundball, 6)
|
Bottom of the 8th over - 1 run(s), 1 hit(s), 0 error(s), 0 left on base; Oceanside 3 - Bangor Trident Base 15 |
TOP OF THE 9TH |
Oceanside Aviators batting - Pitching for Bangor Trident Base Ogres : RHP Jim Unknown
|
Batting: RHB Karl Schultz
|
0-0: Ball 1-0: Ball 2-0: Ball 3-0: Base on Balls
|
Batting: RHB Gerald Ambler
|
0-0: SINGLE (Groundball, 56D) Karl Schultz to second
|
Batting: RHB Alex Ross
|
0-0: Swinging Strike 0-1: Called Strike 0-2: Strikes out looking
|
Batting: RHB Jim Unknown
|
0-0: Foul Ball, location: 2F 0-1: Grounds into double play, 1-6-3 (Groundball, 13)
|
Top of the 9th over - 0 run(s), 1 hit(s), 0 error(s), 1 left on base; Oceanside 3 - Bangor Trident Base 15 |
|